 Dungeon Crawl Stone Soup version 0.30.1-3-gfc49f6343a (webtiles) character file.

Game seed: 15175510826867248847

51 monsoonserge the Shooter (level 4, -2/34 HPs)
             Began as a Formicid Hunter on Aug 4, 2023.
             Slain by an orc
             ... wielding a +0 hand axe
              (5 damage)
             ... on level 2 of the Dungeon.
             The game lasted 00:03:06 (552 turns).

monsoonserge the Shooter (Formicid Hunter)           Turns: 552, Time: 00:03:07

Health: -2/34      AC:  5    Str: 16    XL:     4   Next: 5%
Magic:  4/4        EV: 11    Int:  8    God:
Gold:   46         SH:  0    Dex: 19    Spells: 3/3 levels left

rFire   + . .        a - +0 shortbow
rCold   + . .        (no shield)
rNeg    . . .        m - +0 ring mail
rPois   +            (helmet unavailable)
rElec   +            (no cloak)
rCorr   +            (no gloves)
SInv    +            (no boots)
Will    .....        (no amulet)
Stlth   +            (no ring)
HPRegen 0.25/turn    (no ring)
MPRegen 0.09/turn

%: no passive effects
@: resistant, flying
A: permanent stasis, dig shafts and tunnels, antennae 3, four strong arms
a: Dig, Shaft Self


You were on level 2 of the Dungeon.
You visited 1 branch of the dungeon, and saw 2 of its levels.

You collected 46 gold pieces.

Inventory:

Hand Weapons
 a - a +0 shortbow (weapon)
Missiles
 h - 10 poisoned darts
Armour
 m - a +0 ring mail (worn)
Scrolls
 b - 2 scrolls of immolation
 d - a scroll of fog {unknown}
 f - 3 scrolls of identify {unknown}
 k - a scroll of enchant armour {unknown}
Potions
 j - a potion of haste
 l - a potion of magic {unknown}


   Skills:
 + Level 2.5 Fighting
 * Level 5.1 Ranged Weapons
 + Level 0.4 Armour
 + Level 1.8 Dodging
 + Level 1.2 Stealth


You had 3 spell levels left.
You didn't know any spells.
Your spell library contained the following spells:

 Spells                   Type           Power      Damage    Failure   Level
 Kiss of Death            Conj/Necr      0%         2d5       63%         1
 Arcjolt                  Conj/Air       0%         1d10      100%        5
 Starburst                Conj/Fire      0%         6d3       100%        6
 Statue Form              Tmut/Erth      0%         N/A       100%        6


Dungeon Overview and Level Annotations

Branches:
Dungeon (2/15)

Altars:

Shops:
D:1 (


Innate Abilities, Weirdness & Mutations

You cannot be hasted, slowed, berserked, paralysed or teleported.
You can dig through walls and to a lower floor.
You have a pair of large antennae on your head. (SInv)
Your four strong arms can wield two-handed weapons with a shield.


Message History

The goblin hits the plant with a +0 dagger.
Okay, then.
Fire: a) +0 shortbow
Press: ? - help, Q - select action, (/) - cycle Shift-Dir - straight line, f/p - orc wizard
Aim: an orc wizard, wielding a +0 dagger and wearing a +0 robe (severely wounded, slightly transparent, 58% to hit)
You shoot an arrow. The arrow hits the orc wizard.
You kill the orc wizard!
The orc hits you with a +0 war axe!
Your Ranged Weapons skill increases to level 5!
You have reached level 4!
You feel stronger.
Fire: a) +0 shortbow
Press: ? - help, Q - select action, (/) - cycle Shift-Dir - straight line, f - orc
Aim: an orc, wielding a +0 hand axe and wearing a +0 leather armour (64% to hit)
You shoot an arrow. The arrow hits the goblin!
You kill the goblin!
The orc hits you with a +0 war axe.
Fire: a) +0 shortbow
Press: ? - help, Q - select action, (/) - cycle Shift-Dir - straight line, f - worm, p - orc
Aim: a worm (lightly wounded, 81% to hit)
You shoot an arrow. The arrow barely misses the orc.
The arrow hits the worm.
The worm is lightly wounded.
The orc barely misses you. The orc hits you with a +0 war axe!
* * * LOW HITPOINT WARNING * * *
The orc closely misses you. The orc hits you but does no damage.
It was a potion of haste.
Your stasis prevents you from being hasted.
A nearby plant withers and dies.
The orc hits you but does no damage. x2
It was a potion of curing.
You feel better. The orc hits you with a +0 war axe!
* * * LOW HITPOINT WARNING * * *
The orc hits you but does no damage.
It was a potion of flight.
You feel very buoyant.
You fly up into the air.
The orc hits you with a +0 war axe.
* * * LOW HITPOINT WARNING * * *
The orc completely misses you.
It was a potion of resistance.
You feel protected. The orc hits you with a +0 hand axe.
You die...

.#####.##############.
#..# ###.####
#.....P#######
#.#.P........####.
#.#....P.##.......
#...♣♣†.P##.......
#..~~~~..P#.......
#.P~~~♣~.@#{w..!..
##.~♣~~~Poo.).....
#.~~~~♣♣....)....
#..♣~~~~.#.......
#♣..~~~$.#.......
#PP.P..♣#.......
##♣.... ....... #.P..
....... ###.♣ #....##


You could see 2 orcs.

Vanquished Creatures
  An orc wizard (D:2)
  2 orcs (D:2)
  5 bats
  2 endoplasms
  A giant cockroach (D:1)
  4 goblins
  3 hobgoblins (D:1)
  A quokka (D:1)
  2 ball pythons (D:1)
  A frilled lizard (D:1)
  A rat (D:1)
23 creatures vanquished.

Notes
Turn   | Place    | Note
-------+----------+-------------------------------------------
     0 | D:1      | monsoonserge the Formicid Hunter began the quest for the
                  | Orb.
     0 | D:1      | Reached XP level 1. HP: 16/16 MP: 1/1
    46 | D:1      | Reached XP level 2. HP: 16/22 MP: 2/2
   194 | D:1      | Got the Compilation of Geomancy and Violence
   259 | D:1      | Found Jyistypn's Antique Weapon Shop.
   443 | D:2      | Reached XP level 3. HP: 27/27 MP: 3/3
   547 | D:2      | Reached skill level 5 in Ranged Weapons
   547 | D:2      | Reached XP level 4. HP: 15/34 MP: 4/4
   552 | D:2      | Slain by an orc

Illustrated notes

Levels and vault maps discovered:
D:1:      eino_arrival_druids_welcome, layout_rooms, serial_shops,
          nicolae_diamond_shop
D:2:      cheibrodos_fertilizer, layout_basic,
          hellmonk_ecumenical_altar_blasted, serial_bayou, serial_bayou_pond_a,
          serial_bayou_lake_a, serial_bayou_ford_a, serial_bayou_pond_d,
          serial_bayou_pond_e, minivault_24

Skill      XL: |  1  2  3 |
---------------+----------+-----
Ranged Weapons | 5 |  5.1
Fighting       | |  2.5
Armour         | |  0.4
Dodging        | |  1.8
Stealth        | |  1.2

Action                     |  1- 3 |  4- 6 || total
---------------------------+-------+-------++-------
   Fire: Shortbow          |    65 |     2 ||    67
    Use: Potion            |       |     4 ||     4
 Armour: Leather armour    |     6 |       ||     6
         Ring mail         |    15 |     4 ||    19
  Dodge: Dodged            |    25 |     3 ||    28
